 Dungeon Crawl Stone Soup version 0.20.1-1-g8b1a95d (webtiles) character file.

127 dohliylev the Covert (level 4, 0/30 HPs)
             Began as a Vampire Enchanter on Dec 25, 2017.
             Succumbed to a scorpion's poison
             ... on level 4 of the Dungeon.
             The game lasted 00:03:43 (851 turns).

dohliylev the Covert (Vampire Enchanter)             Turns: 851, Time: 00:03:43

Health: 0/30       AC:  8    Str:  7    XL:     4   Next: 85%
Magic:  1/7        EV: 12    Int: 18    God:
Gold:   87         SH:  0    Dex: 14    Spells: 4/7 levels left

rFire    + . .     SeeInvis +   a - +1 dagger
rCold    x . .     Gourm    .   (no shield)
rNeg     . . .     Faith    .   b - +0 robe
rPois    .         Spirit   .   (no helmet)
rElec    .         Reflect  .   (no cloak)
rCorr    .         Harm     .   (no gloves)
MR       .....                  (no boots)
Stlth    ++++......             (no amulet)
Regen    0.3/turn               k - ring of fire
MPRegen  0.1/turn               l - +6 ring of protection

@: lethally poisoned (0 -> -5), very slightly contaminated, regenerating
quickly, invisible
A: fangs 3, see invisible, unbreathing
a: no special abilities


You were on level 4 of the Dungeon.
You were almost alive.

You visited 2 branches of the dungeon, and saw 5 of its levels.

You collected 87 gold pieces.

Inventory:

Hand Weapons
 a - a +1 dagger (weapon)
Armour
 b - a +0 robe (worn)
Jewellery
 k - a ring of fire (left hand)
 l - a +6 ring of protection (right hand)
Scrolls
 e - a scroll of teleportation {unknown}
 g - a scroll of immolation {unknown}
 h - a scroll of magic mapping {unknown}
 i - 3 scrolls of identify {unknown}
Potions
 d - 5 potions of blood
 j - a potion of lignification {unknown}
 m - a potion of degeneration {unknown}
Books
 c - a book of Maledictions

   Spells                             Type                      Level
   a - Corona                         Hexes                        1
   b - Ensorcelled Hibernation        Hexes/Ice                    2
   c - Confuse                        Hexes                        3
   d - Tukima's Dance                 Hexes                        3
   e - Dazzling Spray                 Conjuration/Hexes            3


   Skills:
 - Level 1.1 Short Blades
 - Level 2.1 Dodging
 + Level 8.7 Stealth
 - Level 2.0 Spellcasting
 - Level 4.4 Hexes


You had 4 spell levels left.
You knew the following spells:

 Your Spells              Type           Power        Failure   Level  Hunger
a - Corona                Hex            ###....      3%          1    #......
b - Ensorcelled Hibernat  Hex/Ice        #.....       11%         2    ###....


Dungeon Overview and Level Annotations

Branches:
Dungeon (4/15)             Temple (1/1) D:4

Altars:
Ashenzari
Cheibriados
Dithmenos
Elyvilon
Fedhas
Gozag
Kikubaaqudgha
Nemelex Xobeh
Okawaru
Qazlal
Ru
Trog
Vehumet
Xom
Yredelemnul
Zin
The Shining One


Innate Abilities, Weirdness & Mutations

Your natural rate of healing is unusually fast.
You have razor-sharp teeth.
You have supernaturally acute eyesight. (SInv)
You can survive without breathing.


Message History

You feel sick.
* * * LOW HITPOINT WARNING * * *
You feel sick.
You see here a scorpion corpse.
It was a potion of invisibility.
You fade into invisibility!
* * * LOW HITPOINT WARNING * * *
You feel sick.
You are very lightly contaminated with residual magic.
Yummy - fresh blood!
* * * LOW HITPOINT WARNING * * *
You feel sick.
Yummy - fresh blood!
* * * LOW HITPOINT WARNING * * *
You feel sick.
Yummy - fresh blood!
* * * LOW HITPOINT WARNING * * *
You feel sick.
Yummy - fresh blood!
You die...

.... #..........#
#..........#
###########..........#
.........##..........#
.........##..........#
....................#
.......@............##
.........#..§....<...#
.........#..§§......)###
.........#..............
....=....##.............
.........##.......!÷....
..........##............
........................
.......#..##...


There were no monsters in sight!

Vanquished Creatures
  A scorpion (D:4)
  3 gnolls (D:4)
  3 adders (D:3)
  A worm (D:2)
  2 goblins (D:1)
  2 hobgoblins
  2 jackals (D:3)
  3 bats
  3 frilled lizards
  2 kobolds (D:1)
  3 rats
25 creatures vanquished.

Notes
Turn   | Place    | Note
-------+----------+-------------------------------------------
     0 | D:1      | dohliylev the Vampire Enchanter began the quest for the Orb.
     0 | D:1      | Reached XP level 1. HP: 13/13 MP: 3/3
   178 | D:1      | Reached skill level 5 in Stealth
   281 | D:1      | Reached XP level 2. HP: 19/19 MP: 5/5
   287 | D:1      | Learned a level 2 spell: Ensorcelled Hibernation
   469 | D:3      | Reached skill level 6 in Stealth
   477 | D:3      | Reached XP level 3. HP: 24/24 MP: 6/6
   499 | D:3      | Found a sparkling altar of Nemelex Xobeh.
   591 | D:3      | Reached skill level 7 in Stealth
   672 | D:4      | Found a staircase to the Ecumenical Temple.
   679 | D:4      | Reached XP level 4. HP: 30/30 MP: 7/7
   700 | Temple   | Entered the Ecumenical Temple
   845 | D:4      | Reached skill level 8 in Stealth
   850 | D:4      | HP: 1/30 [poisoned by a scorpion]
   851 | D:4      | Succumbed to a scorpion's poison

Skill      XL: |  1  2  3  4 |
---------------+-------------+-----
Stealth        | 5 6 7 8 |  8.7
Short Blades   | |  1.1
Dodging        | |  2.1
Spellcasting   | |  2.0
Hexes          | |  4.4

Action                   |  1- 3 |  4- 6 || total
-------------------------+-------+-------++-------
Melee: Dagger            |    44 |    25 ||    69
       Bite              |     3 |     1 ||     4
 Cast: Corona            |     4 |     3 ||     7
       Ensorcelled Hiber |     5 |     3 ||     8
  Use: Potion            |       |     5 ||     5
 Stab: Sleeping          |    14 |     1 ||    15
  Eat: Corpse            |     6 |       ||     6
Armor: Robe              |    13 |     3 ||    16
Dodge: Dodged            |    30 |    17 ||    47
